 Dungeon Crawl Stone Soup version 0.30-a0-824-g6c64550be9 (webtiles) character file.

Game seed: 5473975326456273120

168 cforsyth the Sneak (level 5, -7/32 HPs)
             Began as a Kobold Brigand on Feb 28, 2023.
             Killed by nerve-wracking pain
             ... invoked by a shadow imp
             ... summoned by Natasha
              (11 damage)
             ... on level 3 of the Dungeon.
             The game lasted 00:02:13 (2827 turns).

cforsyth the Sneak (Kobold Brigand)                 Turns: 2827, Time: 00:02:13

Health: -7/32      AC:  3    Str:  8    XL:     5   Next: 78%
Magic:  5/5        EV: 16    Int: 12    God:
Gold:   140        SH:  0    Dex: 19    Spells: 4/4 levels left

rFire   . . .      SeeInvis .    a - +2 dagger
rCold   . . .      Faith    .    (no shield)
rNeg    . . .      Spirit   .    b - +0 robe
rPois   .          Reflect  .    (no helmet)
rElec   .          Harm     .    c - +0 cloak
rCorr   .          Rampage  .    (no gloves)
Will    .....                    (no boots)
Stlth   +++++                    (no amulet)
HPRegen 0.25/turn                (no ring)
MPRegen 0.09/turn                (no ring)

@: slowed, very slow
A: small, no large weapons, nightstalker 3
a: no special abilities


You were on level 3 of the Dungeon.
You visited 1 branch of the dungeon, and saw 3 of its levels.

You collected 140 gold pieces.

Inventory:

Hand Weapons
 a - a +2 dagger (weapon)
Missiles
 d - 9 poisoned darts (quivered)
 e - 3 curare-tipped darts
Armour
 b - a +0 robe (worn)
 c - a +0 cloak (worn)
Jewellery
 r - a ring of see invisible
Scrolls
 i - a scroll of fear {unknown}
 l - 2 scrolls of vulnerability {unknown}
 m - 2 scrolls of fog {unknown}
 o - a scroll of poison {unknown}
 p - 4 scrolls of identify {unknown}
 q - a scroll of torment {unknown}
 s - a scroll of magic mapping {unknown}
 u - a scroll of immolation {unknown}
 w - 2 scrolls of silence {unknown}
 y - a scroll of enchant armour {unknown}
Potions
 f - 3 potions of curing {unknown}
 g - a potion of brilliance {unknown}
 h - a potion of might {unknown}
 j - 2 potions of attraction {unknown}
 k - 2 potions of ambrosia {unknown}
 n - 2 potions of heal wounds {unknown}
 t - a potion of berserk rage {unknown}
 v - a potion of mutation {unknown}
 x - a potion of haste


   Skills:
 + Level 3.5 Fighting
 + Level 4.2 Short Blades
 - Level 2.1 Throwing
 + Level 3.2 Dodging
 + Level 6.5 Stealth


You had 4 spell levels left.
You didn't know any spells.
Your spell library contained the following spells:

 Spells                   Type           Power      Damage    Failure   Level
 Sandblast                Erth           0%         2d4       32%         1
 Passwall                 Tmut/Erth      0%         N/A       45%         2
 Dazzling Flash           Conj/Hex       0%         N/A       69%         3
 Stone Arrow              Conj/Erth      0%         3d7       69%         3
 Animate Armour           Summ/Erth      0%         N/A       97%         4
 Iskenderun's Mystic Bla  Conj/Tloc      0%         2d3       97%         4
 Conjure Ball Lightning   Conj/Air       0%         3x3d6     100%        6
 Starburst                Conj/Fire      0%         6d3       100%        6
 Discord                  Hex            0%         N/A       100%        8
 Disjunction              Tloc           0%         N/A       100%        8
 Lehudib's Crystal Spear  Conj/Erth      0%         10d2      100%        8


Dungeon Overview and Level Annotations

Branches:
Dungeon (3/15)

Altars:
The Shining One

Shops:
D:1 *(*[

Annotations:
D:3 Natasha


Innate Abilities, Weirdness & Mutations

You are small and have problems with some larger weapons.
You are completely attuned to the shadows.


Message History

The shadow imp misses you.
You barely miss Natasha.
Natasha is lightly wounded.
Natasha mumbles some strange words.
You feel disoriented. Natasha claws you.
The shadow imp hits you but does no damage.
You hit Natasha.
Natasha is moderately wounded.
Natasha stares at you and mumbles some strange words.
You feel yourself slow down.
You closely miss Natasha.
Natasha is moderately wounded.
The shadow imp hits you. Natasha claws you. The shadow imp hits you.
* * * LOW HITPOINT WARNING * * *
You hit Natasha.
Natasha is heavily wounded.
Natasha mumbles some strange words.
The shadow imp barely misses you.
You barely miss Natasha.
Natasha is heavily wounded.
Natasha barely misses you. The shadow imp barely misses you.
You hit Natasha but do no damage.
Natasha is heavily wounded.
Natasha closely misses you. The shadow imp barely misses you.
The crimson imp closely misses you. Natasha claws you.
* * * LOW HITPOINT WARNING * * *
You barely miss Natasha.
Natasha is heavily wounded.
The shadow imp barely misses you. The crimson imp closely misses you.
Natasha barely misses you.
You hit Natasha.
Natasha is severely wounded.
The shadow imp hits you.
* * * LOW HITPOINT WARNING * * *
The crimson imp closely misses you. Natasha misses you.
The shadow imp grins evilly.
The shadow imp gestures at you. Pain shoots through your body!
You die...

##........ .......'.....>.
#..#.##### ......##....... ..##.#
#.######.......... ..##.# #.#
#.......... .###.###### #.#
#.......#.# ..........# #.#
#.........# #####.###.#
#.######.......#.#
......###.######........#.#####.#
................@h...........##.#
#..............55##.....#.##....#
#................##.....#.##....#
#.......................#.##.#...
#####............##.....#....#...
#............##.....######...
###############.....#######..
#.............. #..............


You could see Natasha, a crimson imp (summoned) and a shadow imp (summoned).

Vanquished Creatures
  Natasha (twice) (D:3)
  4 adders
  A white imp (D:3)
  2 worms (D:2)
  An orc (D:3)
  6 ball pythons
  6 bats
  9 endoplasms
  2 giant cockroaches
  3 goblins
  7 hobgoblins
  4 jackals (D:2)
  8 quokkas
  A frilled lizard (D:2)
  7 kobolds
  A rat (D:2)
64 creatures vanquished.

Vanquished Creatures (others)
  A minotaur (D:1)
  A demonspawn (D:1)
  A draconian (D:1)
  A troll (D:1)
  A demigod (D:1)
  2 dwarves (D:1)
  2 ogres (D:1)
  A tengu (D:1)
  A mummy (D:1)
  A gnoll (D:1)
  5 tentacles (D:1)
17 creatures vanquished.

Grand Total: 81 creatures vanquished

Notes
Turn   | Place    | Note
-------+----------+-------------------------------------------
     0 | D:1      | cforsyth the Kobold Brigand began the quest for the Orb.
     0 | D:1      | Reached XP level 1. HP: 12/12 MP: 1/1
     0 | D:1      | Noticed a dwarf
     0 | D:1      | Noticed a draconian
     0 | D:1      | Noticed a demigod
     0 | D:1      | Noticed a troll
     0 | D:1      | Noticed a kraken
     0 | D:1      | Noticed a demonspawn
     4 | D:1      | Killed a tengu
     5 | D:1      | Killed an ogre
     5 | D:1      | Killed a dwarf
    13 | D:1      | Killed a dwarf
    15 | D:1      | Killed a minotaur
    15 | D:1      | Killed a draconian
    16 | D:1      | Killed an ogre
    17 | D:1      | Killed a demigod
    20 | D:1      | Killed a troll
    22 | D:1      | Killed a demonspawn
   194 | D:1      | Found Ukum Wuahaf's General Store.
   228 | D:1      | Reached XP level 2. HP: 18/18 MP: 2/2
   257 | D:1      | Found Jotoxo's Armour Emporium.
   285 | D:1      | Found Rar Setu's Assorted Antiques.
   306 | D:1      | Found a faded altar of an unknown god.
   377 | D:1      | Found Vugir's Weapon Boutique.
   406 | D:1      | Reached XP level 3. HP: 13/22 MP: 3/3
   987 | D:2      | Reached XP level 4. HP: 27/27 MP: 4/4
  1080 | D:2      | Reached skill level 6 in Stealth
  1977 | D:3      | Noticed Natasha
  1994 | D:3      | Killed Natasha
  1995 | D:3      | Reached XP level 5. HP: 3/32 MP: 5/5
  2155 | D:3      | Found a glowing golden altar of the Shining One.
  2547 | D:3      | Noticed Natasha
  2568 | D:3      | Killed Natasha
  2812 | D:3      | Noticed Natasha
  2827 | D:3      | Killed from afar by a shadow imp

Illustrated notes

Levels and vault maps discovered:
D:1:      nicolae_arrival_kraken_aquarium_a, layout_loops_ring,
          shapermc_ecumenical_altar_flowoftime, serial_shops,
          nicolae_shop_stone, shop, shop_fountains, shop_statue,
          minmay_hexomino_f4
D:2:      layout_basic, minmay_randomly_rotated_circles
D:3:      minmay_razor_zed, layout_basic, general_overflow_altar,
          gammafunk_temple_overflow_pools, minmay_ogre_servants, uniq_natasha

Skill      XL: |  1  2  3  4  5 |
---------------+----------------+-----
Short Blades   | 3 4 |  4.2
Dodging        | 2 3 |  3.2
Stealth        | 6 |  6.5
Fighting       | 3 |  3.5
Throwing       | |  2.1

Action                     |  1- 3 |  4- 6 || total
---------------------------+-------+-------++-------
  Melee: Dagger            |    50 |   127 ||   177
   Stab: Sleeping          |    20 |    15 ||    35
         Distracted        |       |     1 ||     1
 Armour: Robe              |     6 |    22 ||    28
  Dodge: Dodged            |    12 |   107 ||   119

Table legend: (Time is in decaauts)
 A = Elapsed time spent in this place.
 B = Non-inter-level travel time spent in this place.
 C = Inter-level travel time spent in this place.
 D = Time resting spent in this place.
 E = Time spent auto-exploring this place.
 F = Levels seen in this place.
 G = Mean time per level.
                   A        B        C        D        E       F      G
               +--------+--------+--------+--------+--------+-----+--------+
         Total |   2802 |   2757 |     45 |      0 |   2393 |   3 |  934.0 |
       Dungeon |   2802 |   2757 |     45 |      0 |   2393 |   3 |  934.0 |
               +--------+--------+--------+--------+--------+-----+--------+

Top non-repeatable levels by time:
     D:3: 1202 daAuts
     D:1: 881 daAuts
     D:2: 717 daAuts
